 Dungeon Crawl Stone Soup version 0.15.0-12-gccce430 (console) character file.

477 gw the Cudgeler (level 7, 0/74 HPs)
             Began as an Ogre Berserker on Sept 1, 2014.
             Was a Believer of Trog.
             Slain by a worker ant (6 damage)
             ... on Level 4 of the Dungeon.
             The game lasted 00:02:21 (5098 turns).

gw the Cudgeler (Ogre Berserker)                    Turns: 5098, Time: 00:02:21

HP   0/74        AC  3     Str 23      XL: 7   Next: 11%
MP   7/7         EV 11     Int  6      God: Trog [**....]
Gold 0           SH  0     Dex 11      Spells:  0 memorised,  6 levels left

rFire  . . .     SeeInvis .     j - +0 giant club
rCold  + . .     Clarity  .     b - +0 animal skin
rNeg   . . .     rCorr    .     (shield restricted)
rPois  .         rRot     .     (helmet restricted)
rElec  .         Spirit   .     (no cloak)
SustAb .         Warding  .     (gloves unavailable)
rMut   .         Stasis   .     (boots unavailable)
Gourm  .                        (no amulet)
MR     ++...                    (no ring)
                                g - ring of protection from cold

@: regenerating, very resistant to hostile enchantments, very unstealthy
A: unfitting armour, tough skin 1
a: Burn Spellbooks, Berserk, Trog's Hand, Renounce Religion


You were on level 4 of the Dungeon.
You worshipped Trog.
Trog was pleased with you.
You were very hungry.

You visited 1 branch of the dungeon, and saw 4 of its levels.

Inventory:

Hand weapons
 j - a +0 giant club (weapon)
Missiles
 d - 135 stones (quivered)
Armour
 b - a +0 animal skin (worn)
Comestibles
 a - a meat ration
 c - 2 bread rations
 k - 4 fruits
Scrolls
 f - a scroll of enchant armour
 h - 5 scrolls of identify
 i - 2 scrolls of remove curse
Jewellery
 g - a ring of protection from cold (left hand)
Potions
 e - 2 potions of curing
 l - a potion of flight {unknown}


   Skills:
 + Level 5.7 Fighting
 * Level 7.1 Maces & Flails
 + Level 3.1 Throwing
 + Level 4.2 Dodging


You had 6 spell levels left.
You didn't know any spells.

Dungeon Overview and Level Annotations

Branches:
Dungeon (4/15)
 Temple: D:4-7

Altars:
Cheibriados
Qazlal
Zin

Annotations:
D:4 Dowan, Duvessa


Innate Abilities, Weirdness & Mutations

You are too large for most types of armour.
You have tough skin (AC +1).


Message History

The worker ant closely misses you.
You see here a stone.
MOVING TO (1,-1)
You feel sick.
MOVING TO (7,0) MOVING TO (6,0) MOVING TO (5,0)
The worker ant barely misses you.
MOVING TO (4,0)
You feel sick.
MOVING TO (3,0) MOVING TO (2,0) MOVING TO (1,0) Use which ability? (? or * to list)
Your skin crawls.
You feel resistant to hostile enchantments.
You feel slightly more hungry.
You feel sick.
You are no longer poisoned.
The worker ant bites you.
You die...

.........#.#
.........#.#
.........#.###
#+#..........#
#.#.......##.#
#.#####+#....#####
#.# #..........#
#.#####.$#######.#
.....(..)...go.aO#
....(.?.(#########
.........#
...##+#### ...#
(..+ ...# ...#
...#


You could see a worker ant, an orc and a goblin.

Table legend:
 A = Turns spent in this place as a percentage of turns spent in the entire game.
 B = Non-inter-level travel turns spent in this place as a percentage of non-inter-level travel turns spent in the entire game.
 C = Inter-level travel turns spent in this place as a percentage of turns spent in this place.
 D = Turns resting spent in this place as a percentage of non-inter-level travel turns spent in this place.
 E = Turns spent auto-exploring this place as a percentage of non-inter-level travel turns spent in this place.
 F = Non-inter-level travel turns spent in this place divided by the number of levels of this place that you've seen.
                   A       B       C       D       E      F
               +-------+-------+-------+-------+-------+----------------------
         Total | 100.0 | 100.0 |   1.1 |   8.0 |  17.5 | 235.2
       Dungeon | 100.0 | 100.0 |   1.1 |   8.0 |  17.5 | 235.2
               +-------+-------+-------+-------+-------+----------------------

Table legend:
 A = Kills in this place as a percentage of kills in entire the game.
 B = Kills by you in this place as a percentage of kills by you in the entire game.
 C = Kills by friends in this place as a percentage of kills by friends in the entire game.
 D = Other kills in this place as a percentage of other kills in the entire game.
 E = Experience gained in this place as a percentage of experience gained in the entire game.
 F = Experience gained in this place divided by the number of levels of this place that you have seen.
                   A       B       C       D       E      F
               +-------+-------+-------+-------+-------+----------------------
         Total | 100.0 | 100.0 |  -nan | 100.0 | 100.0 | 170.5
       Dungeon | 100.0 | 100.0 |  -nan | 100.0 | 100.0 | 170.5
               +-------+-------+-------+-------+-------+----------------------

Vanquished Creatures
  Edmund (D:4)
  An ogre (D:4)
  An ice beast (D:2)
  Jessica (D:2)
  4 adders
  4 worms
  A giant gecko (D:1)
  8 orcs (D:3)
  5 giant cockroaches
  7 goblins
  6 hobgoblins
  5 jackals
  2 quokkas (D:2)
  8 bats
  7 giant newts
  10 kobolds
  9 rats
  A rat skeleton (D:4)
81 creatures vanquished.

Vanquished Creatures (others)
  A worker ant (D:4)
1 creature vanquished.

Grand Total: 82 creatures vanquished

Notes
Turn   | Place    | Note
--------------------------------------------------------------
     0 | D:1      | gw, the Ogre Berserker, began the quest for the Orb.
     0 | D:1      | Reached XP level 1. HP: 24/24 MP: 1/1
   203 | D:1      | gw: hi gw
   203 | D:1      | Shh! I'm trying to concentrate.
   211 | D:1      | Reached XP level 2. HP: 14/32 MP: 2/2
  1211 | D:2      | Found a glowing silver altar of Zin.
  1279 | D:2      | Acquired Trog's second power
  1279 | D:2      | Reached XP level 3. HP: 34/40 MP: 3/3
  1542 | D:2      | Found a stormy altar of Qazlal.
  1551 | D:2      | gw: boo
  1551 | D:2      | gw: boo
  1608 | D:2      | Reached skill level 1 in Throwing
  1802 | D:2      | Noticed Jessica
  1809 | D:2      | Killed Jessica
  1809 | D:2      | Reached XP level 4. HP: 49/49 MP: 4/4
  2007 | D:2      | Reached skill level 5 in Maces & Flails
  2498 | D:3      | Noticed an ice beast
  2505 | D:3      | Found a snail-covered altar of Cheibriados.
  2578 | D:2      | Killed an ice beast
  2578 | D:2      | Reached skill level 5 in Fighting
  2578 | D:2      | Reached XP level 5. HP: 20/57 MP: 5/5
  3713 | D:3      | Reached skill level 6 in Maces & Flails
  3952 | D:3      | Reached XP level 6. HP: 61/66 MP: 6/6
  4141 | D:3      | gw: boo
  4141 | D:3      | Shh! I'm trying to concentrate.
  4373 | D:4      | Noticed Duvessa
  4376 | D:4      | Noticed Dowan
  5058 | D:4      | Noticed Edmund
  5074 | D:4      | Killed Edmund
  5074 | D:4      | Reached skill level 7 in Maces & Flails
  5074 | D:4      | Reached XP level 7. HP: 24/74 MP: 7/7
  5098 | D:4      | Slain by a worker ant

Action                   |  1- 3 |  4- 6 |  7- 9 || total
-------------------------+-------+-------+-------++-------
Melee: Mace              |    64 |   182 |       ||   246
       Giant club        |       |    12 |       ||    12
Throw: Stone             |    56 |   115 |       ||   171
Invok: Berserk           |     3 |     2 |       ||     5
       Trog's Hand       |       |     7 |     1 ||     8
  Use: Scroll            |     4 |     5 |       ||     9
       Potion            |     3 |     3 |       ||     6
  Eat: Chunk             |     5 |     8 |       ||    13
       Meat ration       |       |     1 |       ||     1

Vault maps used:
D:1:      dpeg_arrival_pond, minmay_cut_off
D:2:      nicolae_qazlal_general_emergency, lemuel_doored_altar, uniq_jessica
D:3:      overflow_temple_1_default, serial_bayou_crossing
D:4:      first_bread, uniq_duvessa, uniq_edmund
